 Dungeon Crawl Stone Soup version 0.31-a0-948-gf5be29c462 (webtiles) character file.

Game seed: 2887606235490856502

53105 Dirtsage the Severer (level 14, 0/119 HPs)
             Began as a Demonspawn Fighter on Oct 21, 2023.
             Was the Champion of Okawaru.
             Killed by divine providence
             ... invoked by an orc high priest
              (14 damage)
             ... on level 2 of the Orcish Mines.
             The game lasted 00:28:03 (12431 turns).

Dirtsage the Severer (Demonspawn Fighter)          Turns: 12431, Time: 00:28:04

Health: 0/119      AC: 31    Str: 23    XL:     14   Next: 29%
Magic:  22/22      EV:  4    Int:  9    God:    Okawaru [******]
Gold:   1499       SH:  8    Dex: 14    Spells: 13/13 levels left

rFire   . . .        a - +1 war axe
rCold   . . .        l - +2 buckler
rNeg    + . .        K - +3 crystal plate armour "Hisuth" {Rampage Drain Will+ Str+2}
rPois   .            F - +1 helmet "Xofraema" {Drain Will+ Regen+ SInv}
rElec   .            N - +1 cloak of the Arcane {Rampage rN+ rCorr Stlth+}
rCorr   +            A - +0 pair of gloves
SInv    +            (no boots)
Will    ++++.        o - amulet of regeneration
Stlth   x              - ring of flight
HPRegen 1.99/turn    r - ring of willpower
MPRegen 0.18/turn

%: rampage
@: about to teleport, flying
A: claws 1, ignite blood 3, robust 1, sharp scales 3
a: Renounce Religion, Heroism, Finesse, Duel


You were on level 2 of the Orcish Mines.
You worshipped Okawaru.
Okawaru was exalted by your worship.
You visited 4 branches of the dungeon, and saw 18 of its levels.

You collected 1499 gold pieces.

Inventory:

Hand Weapons
 a - a +1 war axe (weapon)
 U - a +3 heavy broad axe
Missiles
 m - 4 curare-tipped darts
 I - 10 silver javelins
Armour
 b - a +0 scale mail
 c - a +0 buckler
 l - a +2 buckler (worn)
 p - the +2 helmet "Zoyczaw" {Will+ Dex+2}
   (You took it off Robin on level 3 of the Dungeon)

   Dex+2:     It affects your dexterity (+2).
   Will+:     It increases your willpower.
 A - a +0 pair of gloves (worn)
 F - the +1 helmet "Xofraema" (worn) {Drain Will+ Regen+ SInv}
   (You found it on level 9 of the Dungeon)

   Will+:     It increases your willpower.
   SInv:      It lets you see invisible.
   Regen+:    It increases your rate of health regeneration.
   Drain:     It drains your maximum health when unequipped.
 K - the +3 crystal plate armour "Hisuth" (worn) {Rampage Drain Will+ Str+2}
   (You acquired it on level 3 of the Lair of Beasts)

   Str+2:     It affects your strength (+2).
   Will+:     It increases your willpower.
   Drain:     It drains your maximum health when unequipped.
   Rampage:   It bestows one free step when moving towards enemies.
 N - the +1 cloak of the Arcane (worn) {Rampage rN+ rCorr Stlth+}
   (You acquired it on level 8 of the Dungeon)

   rN+:       It protects you from negative energy.
   rCorr:     It protects you from acid and corrosion.
   Rampage:   It bestows one free step when moving towards enemies.
   Stlth+:    It makes you more stealthy.
 T - the +0 scale mail "Orebri" {rElec rN+++ Int-4 SInv}
   (You found it on level 5 of the Lair of Beasts)

   Int-4:     It affects your intelligence (-4).
   rElec:     It insulates you from electricity.
   rN+++:     It renders you almost immune to negative energy.
   SInv:      It lets you see invisible.
 V - the +9 crystal plate armour "Tizxyco" {rF+++ rN+ Str-5}
   (Okawaru gifted it to you on level 5 of the Lair of Beasts)

   Str-5:     It affects your strength (-5).
   rF+++:     It renders you almost immune to fire.
   rN+:       It protects you from negative energy.
Jewellery
 k - a ring of magical power
 o - an amulet of regeneration (around neck)
 r - a ring of willpower (right hand)
 x - a ring of flight (left hand)
 C - a ring of fire
 E - a +4 ring of protection
 R - an amulet of magic regeneration
 S - an amulet of faith
Wands
 D - a wand of digging (11)
 G - a wand of polymorph (8)
 H - a wand of flame (22)
 L - a wand of roots (4)
 M - a wand of mindburst (19)
Scrolls
 e - a scroll of immolation
 i - 3 scrolls of identify
 s - a scroll of amnesia
 t - 7 scrolls of teleportation
 u - a scroll of enchant weapon
 w - a scroll of noise {unknown}
 y - 3 scrolls of brand weapon {unknown}
 B - 4 scrolls of fog
 J - a scroll of fear {unknown}
 O - 2 scrolls of vulnerability {unknown}
 P - a scroll of poison
Potions
 d - 5 potions of might
 f - a potion of magic
 h - 3 potions of haste
 j - a potion of cancellation
 n - a potion of resistance
 q - 3 potions of curing
 v - a potion of berserk rage
 z - 2 potions of mutation
 Q - 2 potions of heal wounds {unknown}


   Skills:
 + Level 9.8 Fighting
 * Level 15.8 Axes
 + Level 4.8 Throwing
 + Level 8.9 Armour
 + Level 8.7 Shields
 + Level 11.5 Invocations


You had 13 spell levels left.
You didn't know any spells.
Your spell library contained the following spells:

 Spells                   Type           Power      Damage    Failure   Level
 Apportation              Tloc           0%         N/A       100%        1
 Kiss of Death            Conj/Necr      0%         2d5       100%        1
 Shock                    Conj/Air       0%         1d3       100%        1
 Sting                    Tmut/Pois      0%         1d3       100%        1
 Blink                    Tloc           0%         N/A       100%        2
 Ensorcelled Hibernation  Hex/Ice        0%         N/A       100%        2
 Jinxbite                 Hex            0%         N/A       100%        2
 Lesser Beckoning         Tloc           0%         N/A       100%        2
 Momentum Strike          Conj/Tloc      0%         3d8       100%        2
 Poisonous Vapours        Pois/Air       0%         N/A       100%        2
 Sublimation of Blood     Necr           0%         N/A       100%        2
 Wereblood                Tmut           0%         N/A       100%        2
 Gell's Gravitas          Tloc           0%         N/A       100%        3
 Ignite Poison            Fire/Tmut/Pois 0%         N/A       100%        3
 Swiftness                Air            0%         N/A       100%        3
 Teleport Other           Tloc           0%         N/A       100%        3
 Airstrike                Air            0%         2d(0-16)  100%        4
 Anguish                  Hex/Necr       0%         N/A       100%        4
 Cause Fear               Hex            0%         N/A       100%        4
 Manifold Assault         Tloc           0%         N/A       100%        4
 Olgreb's Toxic Radiance  Pois           0%         N/A       100%        4
 Petrify                  Tmut/Erth      0%         N/A       100%        4
 Alistair's Intoxication  Tmut/Pois      0%         N/A       100%        5
 Fireball                 Conj/Fire      0%         3d3       100%        5
 Irradiate                Conj/Tmut      0%         3d11      100%        5
 Eringya's Noxious Bog    Tmut/Pois      0%         4d6       100%        6
 Enfeeble                 Hex            0%         N/A       100%        7
 Borgnjor's Revivificati  Necr           0%         N/A       100%        8
 Dragon's Call            Summ           Unusable   N/A       N/A         9

Dungeon Overview and Level Annotations

Branches:
Dungeon (10/15)            Temple (1/1) D:4            Lair (5/5) D:9
  Swamp (0/4) Lair:2       Spider (0/4) Lair:3        Slime (0/5) Lair:5
    Orc (2/2) D:9             Elf (0/3) Orc:2

Altars:
Ashenzari
Cheibriados
Dithmenos
Fedhas
Gozag
Hepliaklqana
Kikubaaqudgha
Makhleb
Nemelex Xobeh
Okawaru
Qazlal
Ru
Sif Muna
Trog
Uskayaw
Vehumet
Wu Jian
Xom
Yredelemnul
Jiyva

Shops:
D:8 *   Orc:2 [*[

Portals:
Hell: Lair:5

Annotations:
Lair:3 1 runed translucent door, Pinugh's ghost, journeyman GnHu


Innate Abilities, Weirdness & Mutations

You have sharp fingernails.
Your demonic aura causes all spilled blood to erupt in flames.
You are robust. (+10% HP)
You are completely covered in razor-sharp scales. (AC +3, Slay +3)


Message History

The orc wizard blinks!
The orc priest blinks!
The orc wizard blinks!
The orc priest blinks!
The orc blinks!
The orc wizard blinks!
The orc priest blinks!
The orc wizard blinks!
The orc sorcerer blinks!
The orc priest blinks!
The orc wizard hits you but does no damage.
The orc wizard casts a spell.
The orc wizard flickers and vanishes for a moment.
The orc wizard moves out of view.
The orc high priest moves out of view.
Things that are here:
a +0 falchion; a +0 leather armour; an orc corpse You regained 2 hp, and now have 18/119 hp.
You slash the orc high priest!
The orc high priest is moderately wounded.
You closely miss the orc priest. You slash the orc wizard! You slash the orc!
You kill the orc!
You hit the orc high priest.
The orc high priest is moderately wounded.
You hit the orc priest. You slash the orc wizard!
You kill the orc wizard!
Okawaru accepts your kill.
The orc high priest is engulfed in blazing flames.
The orc high priest hits you but does no damage.
The orc priest enters a dispersal trap!
The orc priest blinks! x2; You blink.
The orc priest blinks!
The orc priest calls down the wrath of Beogh upon you.
Beogh smites you!
* * * LOW HITPOINT WARNING * * *
The orc wizard points at you and mumbles some strange words.
You resist with almost no effort.
You take 8 damage, and have 11/119 hp.
As you read the scroll of teleportation, it crumbles to dust.
You feel strangely unstable.
The orc high priest is engulfed in blazing flames.
The orc priest calls upon Beogh to heal the orc high priest.
The orc high priest is healed somewhat.
You regained 2 hp, and now have 13/119 hp.
You closely miss the orc wizard.
The orc high priest calls down the wrath of Beogh upon you.
Beogh smites you!
You die...

##....#.##.# ..#. ...#..#
#..........#..##^..#o#...##
#.....#....#..# ... .∩§...# ##
#..........#..##.o.#∩#§.o
#.###.#.....#.#..#.. .§.§.#
...##))#....#.#....###..§## .
#....)........#.....#○)○.o# ..
#.))#.........#...o.o○#)#.....
##.###........#.@.o))#####...o
#..####....##.##o..§o)).......
...........#...##..)))))......
#...............######().####
.#...................)))......
....................))).......
....................#######...
..#..................# ..
................###.## .


You could see an orc high priest, an orc sorcerer, 2 orc priests and 2 orc
wizards.

Vanquished Creatures
  An eleionoma (Lair:2)
  Nessos (Lair:4)
  Josephine (D:10)
  A catoblepas (Lair:5)
  A hell beast (Lair:5)
  5 hydras
  2 two-headed ogres
  10 death yaks
  3 orc high priests (Orc:2)
  3 skysharks
  Sonja (D:10)
  Amaemon (D:9)
  An arcanist (Lair:5)
  An orc sorcerer (Orc:2)
  5 elephants (Lair:4)
  5 black mambas
  A torpor snail (Lair:4)
  4 orange demons
  14 cane toads
  5 rime drakes
  3 komodo dragons
  2 unseen horror zombies (D:8)
  2 ice devils (Lair:5)
  A hellwing (Lair:5)
  A troll (D:10)
  8 polar bears
  18 blink frogs
  4 dream sheep (Lair:5)
  Sigmund (D:2)
  5 wraiths (D:10)
  33 yaks
  3 wyverns
  2 basilisks
  A steam dragon (D:8)
  18 water moccasins
  4 hell hounds (Lair:5)
  12 orc warriors
  2 ice beasts
  3 sky beasts (D:7)
  3 black bears
  A hornet zombie (D:8)
  An ogre (Orc:1)
  22 wolves
  4 centaurs
  2 phantoms
  4 kobold brigands
  14 bullfrogs
  A gnoll sergeant (D:10)
  2 wyvern zombies (D:8)
  2 scorpions
  6 wights
  6 killer bees
  A centaur zombie (D:8)
  3 jellies (Lair:5)
  15 orc priests
  3 hounds
  A sleepcap (D:6)
  4 iguanas
  4 hell rats (Lair:4)
  19 orc wizards
  2 killer bee zombies (D:8)
  Robin (D:3)
  14 gnolls
  7 adders
  A shadow imp (D:8)
  A white imp (D:6)
  An ufetubus (D:5)
  A worm (D:2)
  3 dart slugs
  50 orcs
  4 ball pythons
  5 endoplasms
  3 giant cockroaches
  14 goblins
  7 hobgoblins
  2 jackals (D:2)
  13 kobolds
  5 quokkas
  3 bats
  3 frilled lizards
  5 rats
452 creatures vanquished.

Notes
Turn   | Place    | Note
-------+----------+-------------------------------------------
     0 | D:1      | Dirtsage the Demonspawn Fighter began the quest for the
                  | Orb.
     0 | D:1      | Reached XP level 1. HP: 18/18 MP: 1/1
    41 | D:1      | Reached skill level 2 in Axes
   294 | D:1      | Found a faded altar of an unknown god.
   303 | D:1      | Gained mutation: You are partially covered in razor-sharp
                  | scales. (AC +1, Slay +1) [demonic ancestry]
   303 | D:1      | Reached XP level 2. HP: 22/24 MP: 2/2
   722 | D:2      | Reached skill level 3 in Axes
   814 | D:2      | Identified the +0 ring mail of the Heavens {+Inv rC- Regen+
                  | Int+8}
  1012 | D:2      | Gained mutation: You are mostly covered in razor-sharp
                  | scales. (AC +2, Slay +2) [demonic ancestry]
  1012 | D:2      | Reached XP level 3. HP: 27/29 MP: 3/3
  1242 | D:2      | Noticed Sigmund
  1255 | D:2      | Killed Sigmund
  1256 | D:2      | Reached skill level 5 in Axes
  1256 | D:2      | Gained mutation: You are completely covered in razor-sharp
                  | scales. (AC +3, Slay +3) [demonic ancestry]
  1256 | D:2      | Reached XP level 4. HP: 34/35 MP: 4/4
  1256 | D:2      | Gained mutation: Your demonic aura sometimes causes spilled
                  | blood to erupt in flames. [demonic ancestry]
  1256 | D:2      | Reached XP level 5. HP: 40/41 MP: 5/5
  1663 | D:3      | Reached XP level 6. HP: 22/47 MP: 6/6
  1817 | D:3      | Reached skill level 6 in Axes
  1950 | D:3      | Identified the +2 helmet "Zoyczaw" {Will+ Dex+2}
  1950 | D:3      | Noticed Robin
  1966 | D:3      | Killed Robin
  2189 | D:4      | Identified the "Aruram"
  2225 | D:4      | Found a staircase to the Ecumenical Temple.
  2666 | D:5      | Entered Level 5 of the Dungeon
  2689 | Temple   | Entered the Ecumenical Temple
  2707 | Temple   | Became a worshipper of Warmaster Okawaru
  2739 | D:5      | Reached skill level 7 in Axes
  2739 | D:5      | Reached XP level 7. HP: 46/52 MP: 7/7
  2789 | D:5      | Found a stormy altar of Qazlal.
  3309 | D:6      | Reached skill level 8 in Axes
  3476 | D:6      | Reached XP level 8. HP: 58/58 MP: 8/8
  3724 | D:6      | Found a sparkling altar of Nemelex Xobeh.
  3963 | D:6      | Reached skill level 9 in Axes
  3974 | D:6      | Reached * piety under Okawaru
  4339 | D:7      | Reached skill level 10 in Axes
  4408 | D:7      | Reached ** piety under Okawaru
  4606 | D:7      | Reached skill level 11 in Axes
  4606 | D:7      | Gained mutation: You have sharp fingernails. [demonic
                  | ancestry]
  4606 | D:7      | Reached XP level 9. HP: 34/63 MP: 9/9
  4889 | D:7      | Reached skill level 1 in Invocations
  5179 | D:8      | Reached *** piety under Okawaru
  5303 | D:8      | Found Jooch's General Store.
  5331 | D:8      | Identified the +1 chain mail of Ravioli {-Tele Dex+9 SInv
                  | Stlth+}
  5359 | D:8      | Reached **** piety under Okawaru
  5360 | D:8      | Reached XP level 10. HP: 61/73 MP: 13/13
  5836 | D:8      | Identified a scroll of acquirement
  5836 | D:8      | Acquired the +1 cloak of the Arcane {Rampage rN+ rCorr
                  | Stlth+}
  5867 | D:9      | Noticed Amaemon
  5867 | D:9      | Noticed an orange demon
  5876 | D:9      | Killed Amaemon
  5877 | D:9      | Reached skill level 12 in Axes
  5885 | D:9      | Killed an orange demon
  5886 | D:9      | Reached skill level 5 in Fighting
  5937 | D:9      | Found a staircase to the Orcish Mines.
  5937 | D:9      | Noticed a two-headed ogre
  5950 | D:9      | Reached skill level 5 in Invocations
  5955 | D:9      | Killed a two-headed ogre
  5982 | D:9      | Identified the +1 helmet "Xofraema" {Drain Will+ Regen+
                  | SInv}
  6148 | D:9      | Found a staircase to the Lair.
  6543 | D:10     | Entered Level 10 of the Dungeon
  6581 | D:10     | Reached skill level 5 in Armour
  6583 | D:10     | Noticed Josephine
  6585 | D:10     | Reached ***** piety under Okawaru
  6595 | D:10     | Reached skill level 5 in Shields
  6605 | D:10     | Killed Josephine
  6623 | D:10     | Reached XP level 11. HP: 80/81 MP: 15/15
  6655 | D:10     | Received a gift from Okawaru
  6700 | D:10     | Noticed Sonja
  6732 | D:10     | Killed Sonja
  6957 | D:10     | Reached skill level 13 in Axes
  7305 | D:10     | Noticed a two-headed ogre
  7313 | D:10     | Killed a two-headed ogre
  7410 | Lair:1   | Entered Level 1 of the Lair of Beasts
  7856 | Lair:1   | Received a gift from Okawaru
  8230 | Lair:1   | Noticed a death yak
  8230 | Lair:1   | Noticed a death yak
  8230 | Lair:1   | Noticed a death yak
  8232 | Lair:1   | Noticed a death yak
  8249 | Lair:1   | Killed a death yak
  8249 | Lair:1   | Killed a death yak
  8250 | Lair:1   | Gained mutation: Your demonic aura often causes spilled
                  | blood to erupt in flames. [demonic ancestry]
  8250 | Lair:1   | Reached XP level 12. HP: 91/91 MP: 11/18
  8257 | Lair:1   | Killed a death yak
  8257 | Lair:1   | Received a gift from Okawaru
  8466 | Lair:1   | Killed a death yak
  8513 | Lair:2   | Reached skill level 14 in Axes
  8525 | Lair:2   | Found a staircase to the Swamp.
  8525 | Lair:2   | Noticed an eleionoma
  8530 | Lair:2   | Killed an eleionoma
  8928 | Lair:2   | Identified the +3 leather armour of Going Fast {rCorr
                  | Dex+2}
  9254 | Lair:3   | Received a gift from Okawaru
  9321 | Lair:3   | Found a hole to the Spider Nest.
  9335 | Lair:3   | Reached skill level 1 in Throwing
  9343 | Lair:3   | Noticed a death yak
  9346 | Lair:3   | Noticed a death yak
  9347 | Lair:3   | Noticed a death yak
  9376 | Lair:3   | Killed a death yak
  9383 | Lair:3   | Killed a death yak
  9398 | Lair:3   | Noticed a death yak
  9399 | Lair:3   | Noticed a death yak
  9400 | Lair:3   | Noticed a death yak
  9411 | Lair:3   | Killed a death yak
  9418 | Lair:3   | Killed a death yak
  9419 | Lair:3   | Gained mutation: Your demonic aura causes all spilled blood
                  | to erupt in flames. [demonic ancestry]
  9419 | Lair:3   | Reached XP level 13. HP: 80/99 MP: 18/20
  9428 | Lair:3   | Received a gift from Okawaru
  9465 | Lair:3   | Reached skill level 10 in Invocations
  9707 | Lair:3   | Found a runed translucent door.
  9707 | Lair:3   | Noticed Pinugh's ghost (journeyman GnHu)
 10246 | Lair:4   | Reached skill level 15 in Axes
 10349 | Lair:4   | Noticed Nessos
 10371 | Lair:4   | Killed Nessos
 10497 | Lair:4   | Identified the +0 leather armour "Welo" {Harm rElec Regen+
                  | MP-9}
 10603 | Lair:4   | Received a gift from Okawaru
 10866 | Lair:5   | Identified the "Zenuaje"
 10866 | Lair:5   | Entered Level 5 of the Lair of Beasts
 10943 | Lair:5   | Identified the +0 scale mail "Orebri" {rElec rN+++ Int-4
                  | SInv}
 10957 | Lair:5   | Found a viscous altar of Jiyva.
 10964 | Lair:5   | Found a staircase to the Slime Pits.
 11296 | Lair:5   | Reached ****** piety under Okawaru
 11297 | Lair:5   | Acquired a +3 heavy broad axe
 11297 | Lair:5   | Received a gift from Okawaru
 11304 | Lair:5   | Received a gift from Okawaru
 11324 | Lair:5   | Acquired the +9 crystal plate armour "Tizxyco" {rF+++ rN+
                  | Str-5}
 11324 | Lair:5   | Received a gift from Okawaru
 11326 | Lair:5   | Acquired the +3 crystal plate armour "Hisuth" {Rampage
                  | Drain Will+ Str+2}
 11385 | Lair:5   | Gained mutation: You are robust. (+10% HP) [demonic
                  | ancestry]
 11385 | Lair:5   | Reached XP level 14. HP: 94/118 MP: 22/22
 11462 | Lair:5   | Found a burning altar of Makhleb.
 11545 | Lair:5   | Found a gateway to Hell.
 11644 | Lair:5   | Identified the +4 whip of Bicah {flame, Int+4}
 12091 | Orc:1    | Entered Level 1 of the Orcish Mines
 12264 | Orc:2    | Entered Level 2 of the Orcish Mines
 12264 | Orc:2    | Found a staircase to the Elven Halls.
 12407 | Orc:2    | Received a gift from Okawaru
 12415 | Orc:2    | Found Bisu's Assorted Antiques.
 12418 | Orc:2    | Found Vawacysi's Armour Shop.
 12421 | Orc:2    | Found Xiffoh's Antique Armour Boutique.
 12431 | Orc:2    | Killed from afar by an orc high priest

Illustrated notes

Levels and vault maps discovered:
D:1:      lemuel_arrival_broad_hall, layout_loops_cross,
          shapermc_ecumenical_altar_gd, hangedman_abyss_or_decor_stabs
D:2:      layout_loops_corners, uniq_sigmund
D:3:      layout_rooms, uniq_robin
D:4:      layout_gridville, minmay_temple_entry_from_below_a,
          grunt_ministairs_14
D:5:      minmay_chambers_of_fours, layout_rooms, lemuel_crystal_altar,
          reono_crystal_passage
D:6:      layout_layer_cave, zin_statuary, mainiacjoe_overflow_chevrons,
          minmay_misc_feat_diagonals
D:7:      layout_gridville
D:8:      layout_cave_pods, serial_undead, serial_undead_a, serial_undead_e,
          serial_undead_e, serial_undead_c, serial_shops, kennysheep_mini,
          minmay_unpleasant_kobolds
D:9:      layout_long_grid, lair_entry_dummy, david_orc_3, uniq_amaemon
D:10:     layout_loops_ring, uniq_sonja, uniq_josephine
Temple:   nicolae_temple_bog_church
Lair:1:   layout_cave_pods
Lair:2:   layout_concentric_octagons, alex1729_swamp_entry_worm_eleionoma
Lair:3:   layout_small_grid, spider_nest_entry_web_field,
          ebering_ghost_inner_flame, minivault_25, st_stairs_11,
          serial_bayou_shore_b
Lair:4:   layout_hall_layers, cheibrodos_lair_lostbears, uniq_nessos
Lair:5:   evil_forest, layout_gridlike, nicolae_slime_entry_field_trip,
          st_stairs_13
Orc:1:    layout_caves, basic_altar
Orc:2:    st_orc_mages, layout_caves

Skill      XL: |  1  2  3  4  5  6  7  8  9 10 11 12 13 |
---------------+----------------------------------------+-----
Axes           | 2 3 5 7 8 11 12 13 14 15 | 15.8
Invocations    | 4 6 8 9 11 | 11.5
Armour         | 4 5 6 7 8 |  8.9
Shields        | 4 5 6 7 8 |  8.7
Fighting       | 4 5 7 8 9 |  9.8
Throwing       | 1 4 |  4.8

Action                     |  1- 3 |  4- 6 |  7- 9 | 10-12 | 13-15 || total
---------------------------+-------+-------+-------+-------+-------++-------
  Melee: War axe           |    82 |   124 |   276 |   481 |   327 ||  1290
  Throw: Javelin           |       |       |       |     3 |       ||     3
         Dart              |       |       |       |     2 |       ||     2
 Invoke: Heroism           |       |       |       |     5 |     9 ||    14
         Finesse           |       |       |       |     2 |       ||     2
         Receive Weapon    |       |       |       |       |     1 ||     1
         Receive Armour    |       |       |       |       |     1 ||     1
  Evoke: Wand              |       |       |       |     2 |       ||     2
    Use: Scroll            |       |       |     7 |     9 |     2 ||    18
         Potion            |       |       |       |     7 |     2 ||     9
   Stab: Invisible         |       |       |       |     1 |       ||     1
         Petrified         |       |       |       |       |     5 ||     5
         Petrifying        |       |       |       |       |     1 ||     1
 Armour: Scale mail        |    64 |   101 |   248 |   302 |   193 ||   908
         Crystal plate arm |       |       |       |       |   180 ||   180
  Dodge: Dodged            |    25 |    52 |   126 |   157 |   136 ||   496
  Block: Buckler           |    14 |    42 |   111 |   136 |   147 ||   450

Table legend: (Time is in decaauts)
 A = Elapsed time spent in this place.
 B = Non-inter-level travel time spent in this place.
 C = Inter-level travel time spent in this place.
 D = Time resting spent in this place.
 E = Time spent auto-exploring this place.
 F = Levels seen in this place.
 G = Mean time per level.
                   A        B        C        D        E       F      G
               +--------+--------+--------+--------+--------+-----+--------+
         Total |  12351 |  11816 |    535 |      0 |   9568 |  18 |  686.2 |
       Dungeon |   7478 |   7127 |    351 |      0 |   5817 |  10 |  747.8 |
        Temple |     30 |     22 |      8 |      0 |      0 |   1 |   30.0 |
          Lair |   4520 |   4365 |    155 |      0 |   3523 |   5 |  904.0 |
  Orcish Mines |    321 |    301 |     20 |      0 |    228 |   2 |  160.5 |
               +--------+--------+--------+--------+--------+-----+--------+

Top non-repeatable levels by time:
  Lair:5: 1102 daAuts
  Lair:1: 1075 daAuts
     D:6: 1002 daAuts
     D:2: 978 daAuts
  Lair:3: 975 daAuts
     D:7: 824 daAuts
    D:10: 798 daAuts
     D:9: 768 daAuts
     D:8: 756 daAuts
  Lair:2: 740 daAuts
     D:1: 701 daAuts
  Lair:4: 627 daAuts
     D:5: 578 daAuts
     D:3: 557 daAuts
     D:4: 513 daAuts
